 Dungeon Crawl Stone Soup version 0.19-a0-1888-g6ba2374 (webtiles) character file.

27987 Naow the Blocker (level 13, 0/101 HPs)
             Began as a Formicid Fighter on Oct 17, 2016.
             Was a High Priest of Okawaru.
             Slain by a storm dragon (5 damage)
             ... on level 12 of the Dungeon.
             The game lasted 00:36:58 (16278 turns).

Naow the Blocker (Formicid Fighter)                Turns: 16278, Time: 00:36:58

Health: 0/101      AC: 19    Str: 30    XL:     13   Next: 70%
Magic:  22/22      EV:  8    Int:  9    God:    Okawaru [*****.]
Gold:   1208       SH: 15    Dex:  8    Spells: 0 memorised, 12 levels left

rFire  + + .     SeeInvis +     E - +1 war axe "Cynutryto" {vamp, rPois rN++ Dex-2}
rCold  + . .     Gourm    .     a - +0 plate armour
rNeg   + + .     Faith    .     c - +1 shield
rPois  +         Spirit   .     (helmet unavailable)
rElec  +         Dismiss  .     v - +1 cloak {+Inv}
rCorr  +         Reflect  .     i - +0 pair of gloves
MR     +....     Harm     .     C - +0 pair of boots
Stlth  ..........               (no amulet)
                                Z - ring of wizardry
                                o - ring of protection from fire

@: mighty, resistant, barbed spikes
A: permanent stasis, dig shafts and tunnels, four strong arms, antennae 3
a: Dig, Shaft Self, Heroism, Finesse, Renounce Religion, Evoke Invisibility


You were on level 12 of the Dungeon.
You worshipped Okawaru.
Okawaru was extremely pleased with you.
You were very hungry.

You visited 3 branches of the dungeon, and saw 18 of its levels.

You collected 1208 gold pieces.

Inventory:

Hand Weapons
 y - a +0 battleaxe
 E - the +1 war axe "Cynutryto" (weapon) {vamp, rPois rN++ Dex-2}
   (You found it on level 4 of the Dungeon)

   It inflicts no extra harm, but heals its wielder when it wounds a living foe.
   It affects your dexterity (-2).
   It protects you from poison.
   It greatly protects you from negative energy.
Armour
 a - a +0 plate armour (worn)
 b - a +0 scale mail
 c - a +1 shield (worn)
 i - a +0 pair of gloves (worn)
 v - a +1 cloak of invisibility (worn)
 C - a +0 pair of boots (worn)
 Y - a +0 cloak
Jewellery
 o - a ring of protection from fire (left hand)
 L - an uncursed ring of flight
 P - an uncursed ring of positive energy {unknown}
 Q - an uncursed ring of protection from cold {unknown}
 R - an uncursed ring of wizardry
 Z - a ring of wizardry (right hand)
Wands
 l - a wand of acid (13/15)
 x - a wand of iceblast (3/15)
 B - a wand of flame (17/48)
 H - a wand of disintegration (14/24)
 T - a wand of lightning (11/15)
Scrolls
 g - 2 scrolls of fear
 j - 3 scrolls of identify
 q - a scroll of brand weapon {unknown}
 A - 4 scrolls of remove curse
 F - a scroll of magic mapping
 I - a scroll of enchant weapon
 M - 2 scrolls of fog
 S - a scroll of amnesia
Potions
 d - a potion of might
 e - 5 potions of curing
 h - a potion of resistance
 k - 2 potions of brilliance
 m - 3 potions of ambrosia
 r - a potion of lignification
 t - a potion of berserk rage {unknown}
 u - 2 potions of haste
 w - a potion of magic {unknown}
 z - a potion of cancellation
 G - 2 potions of cure mutation {unknown}
 J - 2 potions of invisibility
 O - a potion of agility {unknown}
Books
 N - a book of Minor Magic

   Spells                             Type                      Level
   a - Magic Dart                     Conjuration                  1
   b - Blink                          Translocation                2
   c - Call Imp                       Summoning                    2
   d - Repel Missiles                 Charms/Air                   2
   e - Slow                           Hexes                        2
   f - Conjure Flame                  Conjuration/Fire             3
   g - Mephitic Cloud                 Conjuration/Poison/Air       3
Comestibles
 f - 11 bread rations
 n - 9 royal jellies
 p - 3 fruits
 D - a slice of pizza
 K - 7 meat rations


   Skills:
 - Level 9.3 Fighting
 - Level 11.0 Axes
 - Level 9.0 Armour
 + Level 14.4 Shields
 - Level 12.7 Invocations


You had 12 spell levels left.
You didn't know any spells.

Dungeon Overview and Level Annotations

Branches:
Dungeon (12/15)            Temple (0/1) D:7            Lair (5/6) D:9
  Swamp (0/4) Lair:2        Snake (0/4) Lair:2          Orc (1/2) D:11
  Slime: Lair:5-6

Altars:
Elyvilon
Gozag
Kikubaaqudgha
Makhleb
Nemelex Xobeh
Okawaru
Ru
Sif Muna
Uskayaw
Yredelemnul
Zin
The Shining One
Beogh

Shops:
D:11 *:   D:12 }

Annotations:
D:6 Pikel
D:7 4 runed doors
D:9 1 runed door
D:12 exclusion: oklob plant


Innate Abilities, Weirdness & Mutations

You are under a permanent stasis effect.
You can dig through walls and to a lower floor.
Your four strong arms can wield two-handed weapons with a shield.
You have a pair of large antennae on your head. (SInv)


Message History

You hit the storm dragon but do no damage.
The storm dragon breathes lightning at you.
The bolt of lightning hits you!
* * * LOW HITPOINT WARNING * * *
You block the orc's attack. You block the storm dragon's attack.
The storm dragon claws you but does no damage.
You block the storm dragon's attack.
You feel protected. You block the storm dragon's attack. x2
The storm dragon tramples you but does no damage.
The orc barely misses you.
You closely miss the storm dragon. You block the storm dragon's attack.
The storm dragon claws you.
* * * LOW HITPOINT WARNING * * *
You block the storm dragon's attack.
You slash the storm dragon!
You feel better.
The storm dragon is lightly wounded.
You are feeling very hungry.
The storm dragon bites you.
You die...

...# ##≈#...#≈....#.......#
...#########≈≈##'##≈≈##.#.......#
............≈###'###≈##.#.......#
.#..........##.....###..........#
.#..........#.......##..#.......#
.#.##########.......##.∩#.......#
.#.# #.oyo.###..#.#...#.# .#.#
#D###≈#..#.#...#.# .#.#
#@#8≈≈...#.#...#.# .#.#
###†###≈...#.#...#'# .#.#
##.....##...#.#...... .#.#
#.......#...#.#......
.#.##########.......#...#........
.#.##.......##.....###..##.......
.#..'.......≈###'###≈#..##.......
.####............#.#.#..##.......
.#...............#.#.............


You could see a storm dragon, a vampire mosquito and 2 orcs.

Vanquished Creatures
  Snorg (D:11)
  A fire dragon (Lair:1)
  Harold (Lair:2)
  Erica (D:8)
  A centaur warrior (D:11)
  Sonja (D:11)
  A skeletal warrior (D:12)
  4 hill giants
  2 unseen horrors
  3 ugly things
  A manticore (D:12)
  A cyclops (D:11)
  3 black mambas
  A centaur skeleton (D:10)
  A gargoyle (D:9)
  3 spiny frogs
  The ghost of Naow the Cleaver, a novice FoFi (D:5)
  A torpor snail (Lair:4)
  A queen bee (D:10)
  5 trolls
  3 hippogriffs
  2 dream sheep (Lair:4)
  2 wraiths
  A wyvern (Lair:3)
  A vampire (D:12)
  A basilisk (Lair:3)
  14 yaks
  Grum (D:8)
  A hungry ghost (D:8)
  A naga (Lair:2)
  4 swamp worms (Lair:2)
  6 soldier ants
  5 water moccasins
  2 hell hounds (D:9)
  6 porcupines
  6 orc warriors
  5 ice beasts
  A sky beast (D:11)
  A necrophage (D:9)
  A phantom (D:8)
  8 wolves
  2 ogres
  5 centaurs
  13 crocodiles
  15 bullfrogs
  A wyvern skeleton (D:10)
  2 scorpions
  25 killer bees
  A wight (D:12)
  2 howler monkeys
  2 electric eels
  2 centaur zombies
  A quasit (D:7)
  3 crimson imps
  8 jellies (D:12)
  10 orc wizards
  3 bullfrog skeletons
  8 orc priests
  A bullfrog zombie (D:12)
  5 hounds
  12 worker ants
  2 iguanas
  3 worker ant zombies
  21 adders
  A shadow imp (D:11)
  12 oozes
  An adder zombie (D:9)
  5 worms
  3 dart slugs
  4 leopard geckos
  45 orcs
  3 giant cockroaches
  7 goblins
  3 hobgoblins
  21 jackals
  5 quokkas
  3 ball pythons
  6 bats
  10 frilled lizards
  A jackal zombie (D:7)
  7 kobolds
  A quokka skeleton (D:8)
  12 rats
  2 fungi (Lair:3)
405 creatures vanquished.

Vanquished Creatures (others)
  An orc wizard (D:7)
  9 fungi
  A plant (Lair:3)
11 creatures vanquished.

Grand Total: 416 creatures vanquished

Notes
Turn   | Place    | Note
-------+----------+-------------------------------------------
     0 | D:1      | Naow the Formicid Fighter began the quest for the Orb.
     0 | D:1      | Reached XP level 1. HP: 18/18 MP: 1/1
   108 | D:1      | Reached skill level 4 in Shields
   165 | D:1      | Reached XP level 2. HP: 21/24 MP: 2/2
   669 | D:2      | Reached XP level 3. HP: 29/29 MP: 3/3
   686 | D:2      | Reached skill level 5 in Shields
  1101 | D:2      | Reached XP level 4. HP: 35/35 MP: 4/4
  1369 | D:2      | Reached skill level 6 in Shields
  1638 | D:3      | Reached XP level 5. HP: 25/41 MP: 5/5
  1675 | D:3      | HP: 2/41 [poisoned by an adder]
  1986 | D:3      | Found an iron altar of Okawaru.
  2002 | D:3      | Reached skill level 7 in Shields
  2011 | D:3      | Became a worshipper of Warmaster Okawaru
  2025 | D:3      | Noticed an ice beast
  2039 | D:3      | Killed an ice beast
  2039 | D:3      | Reached XP level 6. HP: 22/47 MP: 6/6
  2336 | D:3      | Found a hide-covered altar of Uskayaw.
  2356 | D:3      | Reached skill level 8 in Shields
  3637 | D:4      | Found a glowing silver altar of Zin.
  3637 | D:4      | Noticed an angel
  3805 | D:4      | Got a translucent war axe
  3810 | D:4      | Identified the +1 war axe "Cynutryto" {vamp, rPois rN++ Dex-2} (You found it on level 4 of the Dungeon)
  3822 | D:5      | Entered Level 5 of the Dungeon
  3993 | D:5      | Reached XP level 7. HP: 51/52 MP: 7/7
  4078 | D:5      | Found an ancient bone altar of Kikubaaqudgha.
  4125 | D:5      | Noticed Naow's ghost (novice FoFi)
  4136 | D:5      | Killed Naow's ghost
  4136 | D:5      | Reached * piety under Okawaru
  4319 | D:5      | Reached XP level 8. HP: 32/58 MP: 5/8
  4625 | D:5      | Found a burning altar of Makhleb.
  4742 | D:6      | Reached skill level 5 in Axes
  4833 | D:6      | Found a basalt altar of Yredelemnul.
  4935 | D:6      | Reached skill level 5 in Armour
  4988 | D:6      | Found a white marble altar of Elyvilon.
  5162 | D:6      | Noticed Pikel
  5257 | D:7      | Reached ** piety under Okawaru
  5349 | D:7      | Found a huge runed gate.
  5349 | D:7      | Found a huge runed gate.
  5349 | D:7      | Found a huge runed gate.
  5349 | D:7      | Found a huge runed gate.
  5349 | D:7      | Noticed a manticore
  5349 | D:7      | Noticed a hippogriff
  5349 | D:7      | Noticed a polar bear
  5349 | D:7      | Noticed a polar bear
  5349 | D:7      | Noticed a hog
  5349 | D:7      | Noticed a manticore
  5349 | D:7      | Noticed a hippogriff
  5349 | D:7      | Noticed a polar bear
  5349 | D:7      | Noticed a polar bear
  5349 | D:7      | Noticed a polar bear
  5349 | D:7      | Noticed a hippogriff
  5350 | D:7      | Noticed a yak
  5355 | D:7      | Found a sacrificial altar of Ru.
  5521 | D:7      | Found a glowing golden altar of the Shining One.
  5530 | D:7      | Reached XP level 9. HP: 64/64 MP: 9/9
  5556 | D:7      | Found a deep blue altar of Sif Muna.
  5852 | D:7      | Found a staircase to the Ecumenical Temple.
  5911 | D:7      | Noticed a troll
  5921 | D:7      | Killed a troll
  6834 | D:8      | Reached *** piety under Okawaru
  6855 | D:8      | Noticed an unseen horror
  6917 | D:8      | Killed an unseen horror
  6917 | D:8      | Reached XP level 10. HP: 13/70 MP: 10/10
  7149 | D:8      | Noticed Erica
  7161 | D:8      | Killed Erica
  7161 | D:8      | Received a gift from Okawaru
  7161 | D:8      | Reached **** piety under Okawaru
  7161 | D:8      | Reached skill level 10 in Axes
  7166 | D:8      | Found a sparkling altar of Nemelex Xobeh.
  7167 | D:8      | Noticed Grum
  7199 | D:8      | Killed Grum
  8127 | D:9      | Found a staircase to the Lair.
  8518 | D:9      | Reached skill level 9 in Shields
  8533 | D:9      | Found a runed gate.
  8682 | D:9      | Found a runed gate.
  8685 | D:9      | Found a runed gate.
  8690 | D:9      | Found a runed door.
  8706 | D:9      | Found a runed door.
  8811 | D:9      | Noticed a gargoyle
  8820 | D:9      | Killed a gargoyle
  8820 | D:9      | Reached skill level 10 in Shields
  8932 | D:9      | Reached skill level 1 in Invocations
  8932 | D:9      | Reached XP level 11. HP: 74/74 MP: 9/12
  9060 | D:9      | Reached skill level 5 in Invocations
  9169 | Lair:1   | Entered Level 1 of the Lair of Beasts
  9205 | Lair:1   | HP: 2/74 [porcupine (5)]
  9686 | Lair:1   | Reached ***** piety under Okawaru
  9905 | Lair:1   | Noticed a fire dragon
  9936 | Lair:1   | Killed a fire dragon
 10843 | Lair:2   | Found a labyrinth entrance.
 10875 | Lair:2   | Noticed Harold
 10897 | Lair:2   | Killed Harold
 10897 | Lair:2   | Reached skill level 10 in Invocations
 10929 | Lair:2   | Found a staircase to the Snake Pit.
 11353 | Lair:2   | Found a staircase to the Swamp.
 11698 | Lair:3   | Noticed a six-headed hydra
 11832 | Lair:3   | Received a gift from Okawaru
 11832 | Lair:3   | Reached XP level 12. HP: 65/81 MP: 20/20
 12551 | Lair:4   | Reached skill level 5 in Fighting
 12984 | Lair:5   | Noticed a five-headed hydra
 13184 | D:10     | Entered Level 10 of the Dungeon
 13570 | D:10     | Received a gift from Okawaru
 14086 | D:11     | Noticed a centaur warrior
 14105 | D:11     | Killed a centaur warrior
 14193 | D:11     | Found an opulent altar of Gozag.
 14198 | D:11     | Noticed Snorg
 14225 | D:11     | Killed Snorg
 14225 | D:11     | Reached XP level 13. HP: 51/101 MP: 15/22
 14288 | D:11     | Found a roughly hewn altar of Beogh.
 14288 | D:11     | Found a staircase to the Orcish Mines.
 14306 | D:11     | Reached skill level 11 in Shields
 14428 | D:11     | Noticed Sonja
 14429 | D:11     | Found Gozag's Platinum Reserve.
 14459 | D:11     | HP: 5/101 [poisoned by Sonja]
 14896 | D:11     | Reached skill level 12 in Shields
 14979 | D:11     | Killed Sonja
 15039 | D:11     | Found Toevvyp's Book Emporium.
 15145 | Orc:1    | Entered Level 1 of the Orcish Mines
 15323 | Orc:1    | Noticed an orc warlord
 15361 | D:12     | Found a runed door.
 15552 | D:12     | Reached skill level 13 in Shields
 15782 | D:12     | Found Jenuem's Gadget Emporium.
 16226 | D:12     | Reached skill level 14 in Shields
 16247 | D:12     | Noticed a storm dragon
 16275 | D:12     | HP: 5/101 [storm dragon/bolt of lightning (39)]
 16278 | D:12     | Slain by a storm dragon

Vault maps used:
D:1:      lightli_arrival_windingriver
D:2:      minmay_diamond_boxcup
D:3:      eat_drink_and_be_merry_uskayaw, overflow_temple_1_default
D:4:      zin_angel, first_bread
D:5:      kiku_gazebo_pond_becter, lemuel_coloured_pillars_altar
D:6:      kennysheep_ying_yang, serial_shops, kennysheep_mini, uniq_pikel
D:7:      lemuel_bear_cage, nicolae_ru_awakened_eye, grunt_temple_overflow_open
D:8:      minmay_four_partial_circles, lemuel_crystal_altar,
          serial_bayou_lake_a, uniq_grum, uniq_erica
D:9:      minmay_lair_entry_lava, minmay_guarded_unrand_staff_of_olgreb
D:10:     david_nohive_1
D:11:     david_orc_5, serial_shops, shop, enter_bailey_2,
          nicolae_gozag_zags_fifth_avenue, uniq_snorg, uniq_sonja
D:12:     lemuel_slime, serial_shops, shop, lightli_airlock
Lair:1:   dragon1_lemuel
Lair:2:   nicolae_swamp_entry_splash_gauntlet, guppyfry_snake_entry_garden,
          lab_entry_generic, uniq_harold, uniq_fannar
Lair:4:   grunt_megastairs_3
Lair:5:   slime_altar_1
Orc:1:    nicolae_orc_accident_3, serial_shops, shop

Skill      XL: |  1  2  3  4  5  6  7  8  9 10 11 12 13 |
---------------+----------------------------------------+-----
Shields        | 4 5 6 7 8 10 14 | 14.4
Axes           | 4 7 9 11 | 11.0
Armour         | 4 5 8 9 |  9.0
Invocations    | 1 11 12 | 12.7
Fighting       | 9 |  9.3

Action                   |  1- 3 |  4- 6 |  7- 9 | 10-12 | 13-15 || total
-------------------------+-------+-------+-------+-------+-------++-------
Melee: War axe           |   130 |   218 |   346 |   954 |   443 ||  2091
Invok: Heroism           |       |       |     5 |    29 |     8 ||    42
       Finesse           |       |       |       |     2 |     4 ||     6
Evoke: Wand              |       |       |     1 |       |       ||     1
  Use: Potion            |       |     2 |     2 |     5 |     5 ||    14
       Scroll            |       |       |       |    24 |       ||    24
  Eat: Chunk             |     1 |     8 |     8 |    26 |     6 ||    49
       Fruit             |       |     1 |     1 |       |       ||     2
       Meat ration       |       |     1 |       |       |       ||     1
Armor: Scale mail        |    56 |    94 |   135 |   104 |       ||   389
       Plate armour      |       |       |       |   144 |   113 ||   257
Dodge: Dodged            |    44 |    86 |   146 |   260 |    58 ||   594
Block: Shield            |    76 |   131 |   260 |   581 |   242 ||  1290
